 Dungeon Crawl Stone Soup version 0.22-a0-538-g76cc104 (webtiles) character file.

2592 vierth the Cleaver (level 9, -5/80 HPs)
             Began as a Minotaur Fighter on June 23, 2018.
             Was a Follower of Trog.
             Splashed by Maurice's acid (10 damage)
             ... on level 8 of the Dungeon.
             The game lasted 00:12:13 (6140 turns).

vierth the Cleaver (Minotaur Fighter)               Turns: 6140, Time: 00:12:15

Health: -5/80      AC: 20    Str: 24    XL:     9   Next: 33%
Magic:  8/8        EV:  7    Int:  5    God:    Trog [*.....]
Gold:   384        SH: 11    Dex: 10    Spells: 8/8 levels left

rFire    . . .     SeeInvis .   a - +1 war axe
rCold    . . .     Gourm    .   c - +0 shield
rNeg     . . .     Faith    .   y - +3 chain mail
rPois    .         Spirit   .   (helmet restricted)
rElec    .         Reflect  .   (no cloak)
rCorr    .         Harm     .   w - +0 pair of gloves
MR       .....                  (no boots)
Stlth    ..........             (no amulet)
HPRegen  0.23/turn              g - +5 ring of protection
MPRegen  0.11/turn              (no ring)

@: berserk cooldown, slowed, very slow
A: retaliatory headbutt, horns 2
a: Berserk, Renounce Religion


You were on level 8 of the Dungeon.
You worshipped Trog.
Trog was aware of your devotion.
You were very hungry.

You visited 1 branch of the dungeon, and saw 8 of its levels.

You collected 384 gold pieces.

Inventory:

Hand Weapons
 a - a +1 war axe (weapon)
 t - a +0 mace
Armour
 c - a +0 shield (worn)
 w - a +0 pair of gloves (worn)
 y - a +3 chain mail (worn)
Jewellery
 g - a +5 ring of protection (left hand)
Wands
 x - a wand of disintegration (27)
 z - a wand of paralysis (14)
Scrolls
 i - a scroll of enchant armour
 l - a scroll of identify
 n - 3 scrolls of amnesia {unknown}
 q - 4 scrolls of remove curse
 r - a scroll of teleportation
 v - a scroll of fog
Potions
 b - a potion of resistance {unknown}
 d - a potion of might
 e - a potion of lignification {unknown}
 h - a potion of brilliance {unknown}
 j - 2 potions of haste {unknown}
 k - a potion of mutation {unknown}
 m - a potion of agility {unknown}
 o - 2 potions of invisibility
 p - 5 potions of heal wounds
 s - 3 potions of curing {unknown}
 u - 3 potions of degeneration {unknown}
Comestibles
 f - 9 rations


   Skills:
 + Level 7.7 Fighting
 * Level 9.9 Axes
 + Level 7.7 Armour
 + Level 7.7 Shields


You had 8 spell levels left.
You didn't know any spells.
Your spell library was empty.

Dungeon Overview and Level Annotations

Branches:
Dungeon (8/15)             Temple (0/1) D:4
   Lair: D:8-11

Altars:
Ashenzari
Cheibriados
Okawaru
Qazlal
Ru
Sif Muna
Trog
Vehumet

Annotations:
D:8 Gastronok, Maurice


Innate Abilities, Weirdness & Mutations

You reflexively headbutt those who attack you in melee.
You have a pair of horns on your head.


Message History

You hear some strange, mumbled words.
Gastronok mumbles some strange words.
You hit Gastronok. You headbutt Gastronok!
Gastronok is heavily wounded.
You slash the quokka!
You kill the quokka!
The quokka's corpse disappears in a puff of smoke!
You closely miss the river rat.
The quokka disappears in a puff of smoke!
The bat hits you but does no damage.
The river rat bites you but does no damage.
Gastronok bites you but does no damage.
You slice the river rat!!
You kill the river rat!
The river rat's corpse disappears in a puff of smoke!
You slash Gastronok! You block the bat's attack. x2
You hear a zap.
A bolt of acid appears from out of thin air!
The bolt of acid hits you!
You are splashed with acid!
The acid burns!
You die...

................
#.............
#......>...# .
#.........##
..#.$.......(#
........<..#
.##.......#
##.....§######
##....b@wb§.#
#.########## ...
...#. ...##. ..#
.. .# .#


You could see Gastronok and 2 bats.

Vanquished Creatures
  Pikel (D:5)
  A water moccasin (D:8)
  A slave (D:5)
  An orc warrior (D:7)
  3 ice beasts
  An ogre (D:7)
  A necrophage (D:5)
  A centaur (D:6)
  2 phantoms
  Blork the orc (D:4)
  4 bullfrogs
  2 scorpions
  A howler monkey (D:4)
  A bullfrog zombie (D:6)
  4 crimson imps
  A centaur zombie (D:7)
  2 hounds
  An orc priest (D:7)
  2 bullfrog skeletons
  3 iguanas
  3 orc wizards (D:7)
  4 worker ants
  2 hound zombies
  6 adders
  3 shadow imps
  An adder zombie (D:8)
  2 worms
  A dart slug (D:1)
  7 leopard geckos
  6 orcs
  2 ball pythons
  5 bats
  3 giant cockroaches
  6 goblins
  9 hobgoblins
  7 jackals
  7 kobolds
  3 quokkas
  3 frilled lizards
  A leopard gecko skeleton (D:4)
  7 rats
122 creatures vanquished.

Vanquished Creatures (others)
  A crimson imp (D:5)
  An orc (D:5)
  A kobold (D:3)
  A bat (D:3)
  A rat (D:3)
5 creatures vanquished.

Grand Total: 127 creatures vanquished

Notes
Turn   | Place    | Note
-------+----------+-------------------------------------------
     0 | D:1      | vierth the Minotaur Fighter began the quest for the Orb.
     0 | D:1      | Reached XP level 1. HP: 19/19 MP: 0/0
   130 | D:1      | Reached XP level 2. HP: 27/27 MP: 1/1
   480 | D:1      | Reached skill level 3 in Axes
   540 | D:1      | Reached XP level 3. HP: 33/33 MP: 2/2
  1827 | D:3      | Found a shattered altar of Ashenzari.
  1916 | D:3      | Found a radiant altar of Vehumet.
  2056 | D:3      | Reached XP level 4. HP: 40/40 MP: 3/3
  2291 | D:3      | Found a deep blue altar of Sif Muna.
  2467 | D:3      | Noticed a moth of wrath
  2469 | D:3      | Found a bloodstained altar of Trog.
  2491 | D:3      | Became a worshipper of Trog the Wrathful
  2615 | D:4      | Reached skill level 4 in Axes
  2866 | D:4      | Noticed a bullfrog
  2880 | D:4      | Killed a bullfrog
  2880 | D:4      | Reached XP level 5. HP: 44/47 MP: 4/4
  2939 | D:3      | Reached skill level 5 in Axes
  3076 | D:4      | Reached XP level 6. HP: 55/55 MP: 5/5
  3144 | D:4      | Found a staircase to the Ecumenical Temple.
  3179 | D:4      | Reached skill level 5 in Fighting
  3179 | D:4      | Reached skill level 5 in Armour
  3179 | D:4      | Reached skill level 5 in Shields
  3180 | D:4      | Found an iron altar of Okawaru.
  3370 | D:4      | Noticed Blork the orc
  3387 | D:4      | Killed Blork the orc
  3751 | D:4      | Found a stormy altar of Qazlal.
  4055 | D:5      | Entered Level 5 of the Dungeon
  4060 | D:5      | Got an ancient robe
  4071 | D:5      | Identified the +0 robe "Laduamm" {MR- rCorr Int+2} (You found it on level 5 of the Dungeon)
  4098 | D:5      | Noticed a slave
  4102 | D:5      | Reached skill level 6 in Axes
  4102 | D:5      | Reached XP level 7. HP: 60/61 MP: 6/6
  4102 | D:5      | Noticed Pikel
  4178 | D:5      | Killed Pikel
  4178 | D:5      | Reached skill level 7 in Axes
  4178 | D:5      | Reached XP level 8. HP: 27/70 MP: 7/7
  4443 | D:5      | Reached skill level 8 in Axes
  4584 | D:5      | Found a snail-covered altar of Cheibriados.
  4933 | D:6      | Reached * piety under Trog
  5236 | D:6      | Reached skill level 9 in Axes
  5415 | D:7      | Reached XP level 9. HP: 45/79 MP: 8/8
  5680 | D:7      | Found a sacrificial altar of Ru.
  6097 | D:8      | Noticed a two-headed ogre
  6121 | D:8      | Noticed Maurice
  6124 | D:8      | Noticed Gastronok
  6137 | D:8      | HP: 4/80 [Gastronok (13)]
  6140 | D:8      | Splashed by Maurice's acid

Vault maps used:
D:1:      dpeg_arrival_brainrot
D:3:      fiery_altar_vehumet, tgw_trog, ashenzari_altar_1,
          lemuel_blue_sif_altar, first_ration
D:4:      nicolae_overflow_hidden_temple, temple_green, okawaru_gym_becter,
          uniq_blork_the_orc
D:5:      cheibriados_altar_1, uniq_pikel
D:6:      kennysheep_generic_room_7
D:7:      overflow_temple_1_default
D:8:      kennysheep_mini_moat, lemuel_round_altar, serial_shops,
          kennysheep_little_box, uniq_gastronok, uniq_maurice

Skill      XL: |  1  2  3  4  5  6  7  8 |
---------------+-------------------------+-----
Shields        | 4 5 6 7 |  7.7
Armour         | 4 5 6 7 |  7.7
Fighting       | 4 5 6 7 |  7.7
Axes           | 3 4 5 6 7 9 |  9.9

Action                   |  1- 3 |  4- 6 |  7- 9 || total
-------------------------+-------+-------+-------++-------
Melee: War axe           |   111 |   117 |   184 ||   412
       Headbutt          |    16 |    22 |    35 ||    73
Invok: Berserk           |       |       |     1 ||     1
  Use: Scroll            |     4 |     4 |     4 ||    12
  Eat: Ration            |     1 |     2 |     2 ||     5
Armor: Scale mail        |    39 |       |       ||    39
       Chain mail        |     7 |    87 |    93 ||   187
Dodge: Dodged            |    32 |    34 |    38 ||   104
Block: Shield            |    59 |    49 |    93 ||   201

Table legend:
 A = Spawn XP
 B = Non-spawn XP
 C = Spawn XP percentage of total XP
 D = Spawn monster count
 E = Non-spawn monster count
 F = Spawn count percentage of total count
 G = Total turns spent on level
                    A         B        C        D         E        F      G
               +---------+---------+-------+---------+---------+-------+---------
         Total |       0 |    3704 |   0.0 |       0 |     121 |   0.0 |  6140
               +---------+---------+-------+---------+---------+-------+---------
           D:1 |       0 |      52 |   0.0 |       0 |      26 |   0.0 |  1074
           D:2 |       0 |      26 |   0.0 |       0 |      14 |   0.0 |   681
           D:3 |       0 |      91 |   0.0 |       0 |      19 |   0.0 |   987
           D:4 |       0 |     549 |   0.0 |       0 |      14 |   0.0 |  1313
           D:5 |       0 |    1147 |   0.0 |       0 |      13 |   0.0 |   639
           D:6 |       0 |     726 |   0.0 |       0 |      13 |   0.0 |   657
           D:7 |       0 |     864 |   0.0 |       0 |      19 |   0.0 |   761
           D:8 |       0 |     249 |   0.0 |       0 |       3 |   0.0 |    28
               +---------+---------+-------+---------+---------+-------+---------
